 Dungeon Crawl Stone Soup version 0.22.1-1-ga44c0e56f4 (webtiles) character file.

2702 Morbidden the Grappler (level 9, 0/68 HPs)
             Began as a White Draconian Transmuter on Oct 27, 2018.
             Was a Priest of Cheibriados.
             Slain by a hornet (17 damage)
             ... on level 8 of the Dungeon.
             The game lasted 00:23:09 (8274 turns).

Morbidden the Grappler (White Draconian Transmuter) Turns: 8274, Time: 00:23:10

Health: 0/68       AC: 10    Str: 22    XL:     9   Next: 38%
Magic:  21/21      EV: 15    Int: 21    God:    Cheibriados [***...]
Gold:   304        SH:  0    Dex: 24    Spells: 5/12 levels left

rFire    . . .     SeeInvis .     - Unarmed
rCold    + + .     Gourm    .   (no shield)
rNeg     . . .     Faith    .   (armour unavailable)
rPois    .         Spirit   .   (helmet restricted)
rElec    .         Reflect  .   w - +0 cloak
rCorr    .         Harm     .   m - +0 pair of gloves (curse)
MR       .....                  j - +0 pair of boots
Stlth    ++........             p - amulet of the acrobat
HPRegen  0.21/turn              q - ring of magical power
MPRegen  0.17/turn              s - +5 ring of dexterity

@: short of breath, appendage, very slow
A: breathe frost, unfitting armour, horns 2, cold resistance 2, mutation
resistance 1, wild magic 1, cold-blooded, AC +7
a: Breathe Frost, End Transformation, Bend Time, Temporal Distortion, Renounce
Religion


You were on level 8 of the Dungeon.
You worshipped Cheibriados.
Cheibriados was most pleased with you.
You were hungry.
You had grown temporary horns.
You visited 2 branches of the dungeon, and saw 10 of its levels.

You collected 304 gold pieces.

Inventory:

Missiles
 a - 100 arrows
Armour
 j - a +0 pair of boots (worn)
 m - a cursed +0 pair of gloves (worn)
 w - a +0 cloak (worn)
Jewellery
 d - an uncursed ring of positive energy {unknown}
 o - an uncursed ring of flight
 p - an amulet of the acrobat (around neck)
 q - a ring of magical power (left hand)
 s - a +5 ring of dexterity (right hand)
 u - a cursed ring of attention {unknown}
 v - a cursed ring of teleportation {unknown}
Wands
 h - a wand of flame (20)
 r - a wand of digging (14)
 A - a wand of enslavement (11)
 C - a wand of acid (5)
Scrolls
 b - 7 scrolls of teleportation
 e - a scroll of fog {unknown}
 g - 3 scrolls of blinking
 l - 4 scrolls of amnesia
 t - a scroll of fear {unknown}
 x - 3 scrolls of remove curse {unknown}
 y - 2 scrolls of identify
 B - a scroll of magic mapping {unknown}
 E - a scroll of immolation {unknown}
Potions
 f - a potion of curing
 i - a potion of degeneration {unknown}
 k - a potion of agility
 n - 3 potions of flight {unknown}
 D - a potion of mutation
Comestibles
 c - 16 rations


   Skills:
 + Level 2.4 Fighting
 + Level 4.2 Dodging
 + Level 10.0 Unarmed Combat
 - Level 2.2 Spellcasting
 * Level 5.6 Transmutations
 * Level 4.5 Ice Magic
 * Level 2.4 Invocations


You had 5 spell levels left.
You knew the following spells:

 Your Spells              Type           Power        Failure   Level  Hunger
a - Beastly Appendage     Tmut           ####..       2%          1    #......
b - Sticks to Snakes      Tmut           ####....     4%          2    ##.....
c - Ice Form              Ice/Tmut       ####....     26%         4    #####..

Your spell library contained the following spells:

 Spells                   Type           Power        Failure   Level  Hunger
 Spider Form              Tmut/Pois      ###.......   21%         3    ###....
 Blade Hands              Tmut           ####......   45%         5    ######.


Dungeon Overview and Level Annotations

Branches:
Dungeon (9/15)             Temple (1/1) D:6
   Lair: D:8-11         Orc: D:9-12

Altars:
Ashenzari
Cheibriados
Dithmenos
Elyvilon
Fedhas
Gozag
Hepliaklqana
Kikubaaqudgha
Makhleb
Nemelex Xobeh
Okawaru
Qazlal
Ru
Sif Muna
Trog
Uskayaw
Vehumet
Wu Jian
Xom
Yredelemnul
Zin
The Shining One

Annotations:
D:7 3 runed doors, Ivernyr's ghost, novice OgWz


Innate Abilities, Weirdness & Mutations

You can breathe waves of freezing cold.
You can buffet flying creatures when you breathe cold.
Your icy white scales are hard. (AC +7)
You cannot fit into any form of body armour.
Your flesh is very cold resistant. (rC++)
You are cold-blooded and may be slowed by cold attacks.
You have a pair of horns on your head.
You are somewhat resistant to further mutation.
Your spells are a little harder to cast, but a little more powerful.


Message History

The hornet is heavily wounded.
The hornet is blown backwards by the freezing wind.
You are feeling hungry.
Unknown command.
Quiver which item? (- for none, * to show all) (? for menu, Esc to quit)
Okay, then.
Evoke which item? (* to show all) (? for menu, Esc to quit)
Aiming: Throw Flame
Press: ? - help, Shift-Dir - straight line, f/p - hornet
Aim: a hornet (heavily wounded)
The puff of flame misses the hornet.
Unknown command.
Evoke which item? (* to show all) (? for menu, Esc to quit)
Aiming: Throw Flame
Press: ? - help, Shift-Dir - straight line, f/p - hornet
Aim: a hornet (heavily wounded)
The puff of flame hits the hornet.
The hornet appears unharmed.
The hornet is heavily wounded.
The hornet stings you!
You die...

#.[)....##.#
##...###
#[##.)#.##.#
#####
#.##..#.##.####
#.##...........
#.###.#.#######
#.# #.#....#
#.# #.####.# #
#.#
#.####.####$..#
#.#
#......@y......
#......######.#
........#
.#....><#
##...#.#
#####.# ..# ##


You could see a hornet.

Vanquished Creatures
  Grinder (D:4)
  Prince Ribbit (D:5)
  An ice beast (D:5)
  3 orc warriors
  A phantom (D:5)
  2 ogres
  2 centaurs
  Blork the orc (D:4)
  A bullfrog (D:8)
  A wyvern skeleton (D:6)
  4 scorpions
  A crimson imp (D:6)
  A quasit (D:9)
  5 orc priests
  A jelly (D:9)
  12 orc wizards
  3 centaur skeletons
  2 hounds
  2 iguanas
  3 worker ants
  4 adders
  5 oozes
  2 adder skeletons
  An adder zombie (D:5)
  A worm (D:5)
  2 dart slugs
  5 leopard geckos
  36 orcs
  2 bats
  7 giant cockroaches
  2 goblins
  5 hobgoblins
  15 jackals
  4 quokkas
  A ball python (D:1)
  4 frilled lizards
  2 jackal skeletons (D:5)
  6 kobolds
  16 rats
168 creatures vanquished.

Vanquished Creatures (collateral kills)
  An ogre (D:5)
  A phantom (D:7)
  A shadow imp (D:7)
  2 orcs (D:7)
5 creatures vanquished.

Grand Total: 173 creatures vanquished

Notes
Turn   | Place    | Note
-------+----------+-------------------------------------------
     0 | D:1      | Morbidden the Draconian Transmuter began the quest for the
                  | Orb.
     0 | D:1      | Reached XP level 1. HP: 16/16 MP: 3/3
     1 | D:1      | Found a runed door.
   454 | D:1      | Reached XP level 2. HP: 19/23 MP: 3/5
  1236 | D:2      | Found a shadowy altar of Dithmenos.
  1356 | D:2      | Reached skill level 4 in Unarmed Combat
  1585 | D:2      | Found a hide-covered altar of Uskayaw.
  1585 | D:2      | Found a sacrificial altar of Ru.
  1585 | D:2      | Found a deep blue altar of Sif Muna.
  1585 | D:2      | Found a stormy altar of Qazlal.
  1586 | D:2      | Found an ornate altar of the Wu Jian Council.
  1656 | D:3      | Reached XP level 3. HP: 24/28 MP: 4/6
  1844 | D:3      | Reached XP level 4. HP: 35/35 MP: 5/7
  1883 | D:3      | Learned a level 2 spell: Sticks to Snakes
  1910 | D:3      | Reached skill level 5 in Unarmed Combat
  2985 | D:4      | Reached XP level 5. HP: 28/40 MP: 8/8
  3244 | D:4      | Noticed Grinder
  3328 | D:4      | Reached skill level 6 in Unarmed Combat
  3606 | D:4      | Reached XP level 6. HP: 34/47 MP: 9/9
  3655 | D:4      | You fall through a shaft for 3 floors!
  4142 | D:5      | Entered Level 5 of the Dungeon
  4158 | D:5      | Noticed Prince Ribbit
  4278 | D:5      | Your scales start taking on an icy white colour.
  4278 | D:5      | Reached XP level 7. HP: 52/52 MP: 10/10
  4278 | D:5      | Gained mutation: Your flesh is cold resistant. (rC+) [White
                  | Draconian growth]
  4290 | D:5      | Got a polished hand axe
  4298 | D:5      | Found a blossoming altar of Fedhas.
  4399 | D:5      | Identified the +2 hand axe "Tibb" {venom, +Rage} (You found
                  | it on level 5 of the Dungeon)
  4445 | D:5      | Reached skill level 7 in Unarmed Combat
  4692 | D:5      | Learned a level 4 spell: Ice Form
  4792 | D:5      | Found a blossoming altar of Fedhas.
  4883 | D:5      | Gained mutation: Your flesh is very cold resistant. (rC++)
                  | [potion of mutation]
  4883 | D:5      | Gained mutation: Your spells are a little harder to cast,
                  | but a little more powerful. [potion of mutation]
  4883 | D:5      | Gained mutation: You are somewhat resistant to further
                  | mutation. [potion of mutation]
  4887 | D:5      | Killed Prince Ribbit
  4887 | D:5      | Reached skill level 1 in Ice Magic
  5370 | D:4      | Paralysed by Grinder for 3 turns
  5382 | D:4      | Killed Grinder
  5382 | D:4      | Reached skill level 8 in Unarmed Combat
  5382 | D:4      | Reached XP level 8. HP: 52/61 MP: 11/11
  5443 | D:4      | Noticed Blork the orc
  5455 | D:4      | Killed Blork the orc
  5592 | D:4      | Found a radiant altar of Vehumet.
  6147 | D:6      | Found a staircase to the Ecumenical Temple.
  6157 | Temple   | Entered the Ecumenical Temple
  6171 | Temple   | Became a worshipper of Cheibriados the Contemplative
  6237 | D:6      | Reached skill level 5 in Transmutations
  6341 | D:1      | Reached * piety under Cheibriados
  6343 | D:1      | Reached skill level 9 in Unarmed Combat
  7181 | D:7      | Reached ** piety under Cheibriados
  7181 | D:7      | Reached skill level 1 in Invocations
  7395 | D:7      | Found a runed gate.
  7396 | D:7      | Found a runed gate.
  7397 | D:7      | Found a runed gate.
  7399 | D:7      | Noticed Ivernyr's ghost (novice OgWz)
  7476 | D:7      | Reached XP level 9. HP: 67/67 MP: 12/12
  7975 | D:9      | Reached *** piety under Cheibriados
  8193 | D:9      | Reached skill level 10 in Unarmed Combat
  8266 | D:8      | Paralysed by a hornet for 3 turns
  8274 | D:8      | Slain by a hornet

Skill      XL: |  1  2  3  4  5  6  7  8  9 |
---------------+----------------------------+-----
Unarmed Combat | 4 5 6 8 9 10 | 10.0
Dodging        | 2 3 4 |  4.2
Transmutations | 3 4 5 |  5.6
Ice Magic      | 2 3 4 |  4.5
Fighting       | 2 |  2.4
Invocations    | 1 2 |  2.4
Spellcasting   | |  2.2

Action                   |  1- 3 |  4- 6 |  7- 9 || total
-------------------------+-------+-------+-------++-------
Melee: Unarmed           |    93 |   141 |   275 ||   509
       Tailslap          |     9 |    22 |    42 ||    73
       Headbutt          |     5 |    21 |    26 ||    52
       Kick              |     2 |       |       ||     2
       Punch             |     1 |     3 |    17 ||    21
       Hand axe          |       |       |     7 ||     7
 Cast: Beastly Appendage |    11 |    17 |    18 ||    46
       Sticks to Snakes  |       |     3 |     5 ||     8
       Ice Form          |       |       |     1 ||     1
 Abil: Breathe Frost     |       |       |    16 ||    16
Evoke: Wand              |       |       |     4 ||     4
  Use: Scroll            |       |     7 |     4 ||    11
       Potion            |       |       |     9 ||     9
 Stab: Sleeping          |     1 |     2 |     5 ||     8
  Eat: Chunk             |     2 |     9 |    10 ||    21
       Ration            |       |       |     1 ||     1
Armor: Skin              |    20 |    22 |    81 ||   123
Dodge: Dodged            |    33 |    72 |   226 ||   331
